AoeStats
← pepe_prado99

Black Forest

508945232Analyzed
2v2 RM · 9d ago on Sep 24, 2026· 84m 8s· 4 players
Game mode
Random Map
Map size
Medium (4 player)
Population
200
Speed
Normal
Resources
Standard
Victory
Conquest
Starting age
Dark Age
Ending age
Imperial Age
RankedLock teamsTeams togetherTeam positionsShared explorationLock speedFull tech treeHidden civsTurbo modeCheats
Victory
Defeat
🇲🇽 Aztecs · Mexico
613
+19
🇺🇸 Britons · United States
610
+20
🇮🇹 Franks · Italy
702
-20
🇬🇧 Georgians · United Kingdom
676
-19
Nova_Kovic
0:27 Loom
15:27 Feudal Age
15:54 Horse Collar
16:03 Double-Bit Axe
22:10 Castle Age
21:17 Stone Mining
21:18 Gold Mining
25:06 Bloodlines
24:19 Light Cavalry
26:30 Bow Saw
28:33 Scale Barding Armor
28:39 Forging
30:30 Stone Shaft Mining
29:59 Heavy Plow
33:04 Svan Towers
34:30 Treadmill Crane
35:02 Fortified Wall
35:18 Chain Barding Armor
35:33 Iron Casting
41:47 Imperial Age
40:00 Wheelbarrow
41:58 Husbandry
41:53 Fletching
42:27 Ballistics
41:58 Guard Tower
42:05 Murder Holes
42:21 Masonry
42:17 Scale Mail Armor
43:30 Crop Rotation
42:49 Arrowslits
44:05 Chemistry
43:04 Bodkin Arrow
43:45 Plate Barding Armor
44:11 Blast Furnace
43:48 Conscription
43:36 Cavalier
45:06 Heavy Scorpion
45:11 Hussar
45:58 Bracer
46:33 Architecture
46:54 Keep
46:47 Elite Skirmisher
47:47 Siege Engineers
47:47 Padded Archer Armor
48:03 Chain Mail Armor
52:08 Leather Archer Armor
52:04 Aznauri Cavalry
52:36 Hoardings
56:09 Guilds
57:13 Capped Ram
72:27 Siege Ram
83:50 Hand Cart
83:24 Town Watch
Giais
0:30 Loom
14:59 Feudal Age
15:39 Double-Bit Axe
24:42 Castle Age
22:47 Man-at-Arms
23:58 Gold Mining
24:00 Stone Mining
26:58 Bow Saw
27:28 Gold Shaft Mining
30:54 Wheelbarrow
30:04 Town Watch
31:05 Town Watch
33:01 Town Patrol
33:09 Pikeman
33:49 Squires
35:29 Hand Cart
37:00 Caravan
44:35 Imperial Age
51:29 Conscription
51:13 Chivalry
53:37 Halberdier
54:17 Squires
54:03 Gambesons
54:04 Arson
54:20 Ordonnance Companies
55:57 Forging
55:48 Scale Mail Armor
55:53 Scale Barding Armor
57:00 Elite Throwing Axeman
61:14 Cavalier
62:33 Paladin
76:31 Chemistry
Tiger Eyes
0:54 Loom
14:18 Feudal Age
17:13 Wheelbarrow
23:01 Castle Age
22:03 Horse Collar
22:11 Double-Bit Axe
25:17 Bow Saw
31:00 Gold Mining
34:26 Imperial Age
32:35 Fletching
32:45 Padded Archer Armor
34:02 Ballistics
33:55 Forging
33:45 Scale Mail Armor
33:41 Bodkin Arrow
35:26 Leather Archer Armor
35:42 Conscription
34:55 Capped Ram
35:02 Pikeman
35:04 Man-at-Arms
35:06 Elite Skirmisher
35:57 Halberdier
36:39 Squires
36:25 Arson
36:01 Crossbowman
37:49 Long Swordsman
37:52 Arbalester
38:31 Two-Handed Swordsman
40:51 Champion
42:06 Yeomen
48:55 Bracer
49:25 Ring Archer Armor
49:31 Iron Casting
49:11 Chain Mail Armor
48:55 Elite Longbowman
55:53 Warwolf
57:34 Gambesons
58:55 Blast Furnace
58:25 Plate Mail Armor
59:58 Heavy Scorpion
61:43 Onager
69:24 Chemistry
68:30 Siege Engineers
75:26 Guard Tower
75:26 Arrowslits
pepe_prado99
0:31 Loom
13:56 Feudal Age
14:51 Horse Collar
14:59 Double-Bit Axe
20:48 Town Watch
23:32 Castle Age
22:20 Forging
22:11 Scale Mail Armor
27:21 Bow Saw
27:16 Heavy Plow
27:21 Gold Mining
27:21 Stone Mining
28:46 Wheelbarrow
29:59 Iron Casting
29:39 Chain Mail Armor
29:57 Town Patrol
33:13 Imperial Age
31:44 Gold Shaft Mining
31:45 Stone Shaft Mining
31:25 Treadmill Crane
31:58 Fortified Wall
33:14 Murder Holes
34:42 Hand Cart
35:16 Conscription
35:36 Garland Wars
36:27 Blast Furnace
35:58 Plate Mail Armor
37:22 Elite Jaguar Warrior
40:20 Plate Mail Armor
40:57 Arson
41:14 Squires
46:36 Crop Rotation
52:16 Fletching
52:27 Padded Archer Armor
52:22 Heated Shot
52:53 Ballistics
53:34 Chemistry
53:14 Bodkin Arrow
53:26 Arrowslits
54:05 Siege Engineers
54:25 Leather Archer Armor
55:05 Bracer
61:58 Caravan
65:55 Pikeman
66:20 Gambesons
70:34 Guard Tower
76:29 Eagle Warrior
Connection lost

Rejoining the realm…

Still unreachable

The connection could not be restored.

Session expired

The server has moved on; the page needs a fresh start.